 Dungeon Crawl Stone Soup version 0.28.0-53-g5a82cb258f (webtiles) character file.

Game seed: 11020411267462646778

30 Gabide the Skirmisher (level 3, -3/33 HPs)
             Began as a Draconian Monk on June 14, 2022.
             Slain by Terence
             ... wielding a +0 hand axe
              (6 damage)
             ... on level 1 of the Dungeon.
             The game lasted 00:01:04 (1400 turns).

Gabide the Skirmisher (Draconian Monk)              Turns: 1400, Time: 00:01:04

Health: -3/33      AC:  5    Str: 13    XL:     3   Next: 3%
Magic:  3/3        EV: 13    Int: 10    God:
Gold:   39         SH:  0    Dex: 15    Spells: 2/2 levels left

rFire   . . .      SeeInvis .     - Unarmed
rCold   . . .      Faith    .   (no shield)
rNeg    . . .      Spirit   .   (armour unavailable)
rPois   .          Reflect  .   (helmet restricted)
rElec   .          Harm     .   (no cloak)
rCorr   .          Rampage  .   (no gloves)
Will    .....                   (no boots)
Stlth   ++........              (no amulet)
HPRegen 0.11/turn               (no ring)
MPRegen 0.08/turn               (no ring)

@: no status effects
A: AC +5, unfitting armour, cold-blooded
a: no special abilities


You were on level 1 of the Dungeon.
You visited 1 branch of the dungeon, and saw 2 of its levels.

You collected 39 gold pieces.

You aren't carrying anything.


   Skills:
 + Level 3.8 Fighting
 + Level 3.1 Dodging
 - Level 1.7 Stealth
 + Level 3.4 Unarmed Combat


You had 2 spell levels left.
You didn't know any spells.
Your spell library contained the following spells:

 Spells                   Type           Power      Damage    Failure   Level
 Alistair's Intoxication  Tmut/Pois      0%         N/A       100%        5
 Borgnjor's Vile Clutch   Necr/Erth      0%         N/A       100%        5
 Eringya's Noxious Bog    Tmut/Pois      0%         N/A       100%        6


Dungeon Overview and Level Annotations

Branches:
Dungeon (2/15)

Altars:

Annotations:
D:1 Terence


Innate Abilities, Weirdness & Mutations

Your plain brown scales are hard. (AC +5)
You cannot fit into any form of body armour.
You are cold-blooded and may be slowed by cold attacks.


Message History

There is a stone staircase leading up here.
Terence hits you with a +0 hand axe.
You climb upwards.
There is a stone staircase leading down here.
Terence says, "Don't bother to defend, it's useless."
Unknown command.
You see here a +0 club.
You aren't carrying any potions.
Unknown command.
You hit Terence but do no damage.
Terence is lightly wounded.
Terence hits you with a +0 hand axe.
You closely miss Terence.
Terence is lightly wounded.
Terence misses you.
You hit Terence but do no damage.
Terence is lightly wounded.
Terence hits you with a +0 hand axe.
* * * LOW HITPOINT WARNING * * *
You hit Terence. You tail-slap Terence.
Terence is lightly wounded.
Terence completely misses you.
You closely miss Terence.
You tail-slap Terence, but do no damage.
Terence is lightly wounded.
Terence hits you but does no damage.
You hit Terence.
Terence is moderately wounded.
Terence hits you with a +0 hand axe.
* * * LOW HITPOINT WARNING * * *
You closely miss Terence. Your punch misses Terence.
Terence is moderately wounded.
Terence closely misses you.
You hit Terence but do no damage.
Terence is moderately wounded.
Terence completely misses you.
You barely miss Terence.
Terence is moderately wounded.
Terence hits you with a +0 hand axe.
You die...

#.############ #.# #.#
.............# #.# #.#
#.##########.# #.# #.#
#.# #.# #.# #.# ..#
#.# ##.###.# ### #.#
#...##.# ##.##
#...##.# ####
####...###...##.# ...#
#.......@@))....# ##.#
#.##...###.######
##(#####.###.## #.#
.........>##.# #.####
##.#####..##.####....#
##...................#
..##########.#.###...#
.....## #.#)# ##.##
########
....#.######.#.## #.#
#.......


You could see Terence.

Vanquished Creatures
  2 bats (D:1)
  2 endoplasms (D:1)
  4 giant cockroaches (D:1)
  4 goblins (D:1)
  2 hobgoblins (D:1)
  2 jackals (D:1)
  4 kobolds (D:1)
  A quokka (D:1)
  2 ball pythons (D:1)
  A rat (D:1)
24 creatures vanquished.

Notes
Turn   | Place    | Note
-------+----------+-------------------------------------------
     0 | D:1      | Gabide the Draconian Monk began the quest for the Orb.
     0 | D:1      | Reached XP level 1. HP: 19/19 MP: 1/1
   490 | D:1      | Reached XP level 2. HP: 26/26 MP: 2/2
   874 | D:1      | Reached XP level 3. HP: 27/33 MP: 3/3
  1333 | D:2      | Noticed Terence
  1400 | D:1      | Slain by Terence

Illustrated notes

Levels and vault maps discovered:
D:1:      dpeg_arrival_leaves_temple_mockup, layout_loops_ring
D:2:      layout_basic, hellmonk_ecumenical_altar_arch_garden, kennysheep_donut,
          uniq_terence

Skill      XL: |  1  2 |
---------------+-------+-----
Dodging        | 3 |  3.1
Fighting       | |  3.8
Stealth        | |  1.7
Unarmed Combat | |  3.4

Action                   || total
-------------------------++-------
Melee: Unarmed           ||    98
       Punch             ||     3
       Tailslap          ||    11
 Stab: Sleeping          ||     4
Armor: Skin              ||    21
Dodge: Dodged            ||    62
